 Dungeon Crawl Stone Soup version 0.32-a0-876-gcfddb08e57 (webtiles) character file.

Game seed: 8409905186418136659

112 porpoise the Shooter (level 4, -3/35 HPs)
             Began as a Human Hunter on Apr 1, 2024.
             Killed by nerve-wracking pain
             ... invoked by an orc priest
              (12 damage)
             ... on level 4 of the Dungeon.
             The game lasted 00:05:03 (2080 turns).

porpoise the Shooter (Human Hunter)                 Turns: 2080, Time: 00:05:03

Health: -3/35      AC:  3    Str: 11    XL:     4   Next: 93%
Magic:  4/4        EV: 11    Int:  9    God:
Gold:   126        SH:  0    Dex: 19    Spells: 3/3 levels left

rFire   . . .        a - +0 shortbow
rCold   + . .        (shield currently unavailable)
rNeg    . . .        c - +0 leather armour
rPois   .            (no helmet)
rElec   .            (no cloak)
rCorr   .            (no gloves)
SInv    .            (no boots)
Will    .....        (no amulet)
Stlth   ++           e - ring of protection from cold
HPRegen 0.25/turn    (no ring)
MPRegen 0.09/turn

%: no passive effects
@: no status effects
A: explore regen
a: Convert to Beogh


You were on level 4 of the Dungeon.
You visited 1 branch of the dungeon, and saw 4 of its levels.

You collected 126 gold pieces.

Inventory:

Hand Weapons
 a - a +0 shortbow (weapon)
 b - the +3 spear of Lour {spect, Dex+3}
   (You found it on level 3 of the Dungeon)

   Dex+3:     It affects your dexterity (+3).
 j - a +0 lajatang
 p - a +1 dagger of draining
Armour
 c - a +0 leather armour (worn)
Jewellery
 e - a ring of protection from cold (left hand)
Scrolls
 d - 2 scrolls of revelation {unknown}
 f - a scroll of teleportation {unknown}
 h - a scroll of poison {unknown}
 i - a scroll of butterflies
 l - a scroll of enchant weapon {unknown}
 m - a scroll of noise {unknown}
 n - a scroll of identify {unknown}
Potions
 g - 3 potions of enlightenment {unknown}
 k - a potion of magic {unknown}
 o - a potion of berserk rage {unknown}
 q - a potion of might {unknown}


   Skills:
 + Level 3.2 Fighting
 * Level 5.4 Ranged Weapons
 - Level 2.0 Dodging
 - Level 1.0 Stealth


You had 3 spell levels left.
You didn't know any spells.
Your spell library contained the following spells:

 Spells                   Type           Power      Damage    Failure   Level
 Fugue of the Fallen      Necr           0%         N/A       85%         3
 Ozocubu's Armour         Ice            0%         N/A       85%         3
 Manifold Assault         Tloc           0%         N/A       100%        7


Dungeon Overview and Level Annotations

Branches:
Dungeon (4/15)
 Temple: D:4-7

Altars:
Uskayaw

Shops:
D:2 (   D:4 [


Innate Abilities, Weirdness & Mutations

You regain HP and MP as you explore.


Message History

An orc comes into view. It is wielding a +0 flail.
You shoot an arrow.
The arrow hits the orc but does no damage.
You shoot an arrow. The arrow hits the orc.
The orc is heavily wounded.
You shoot an arrow. The arrow hits the orc!
You kill the orc!
No target in view!
You see here a serpent talisman.
An orc priest comes into view. It is wielding a +0 dagger.
You shoot an arrow. The arrow hits the orc priest.
The orc priest shouts!
The orc priest is lightly wounded.
You hear a shout!
The orc priest mumbles some strange prayers to Beogh against you.
Beogh smites you!
An orc comes into view. It is wielding a +0 morningstar.
The orc priest shouts, "Surrender to Beogh and we'll let you live!" (press Y on the ability menu to convert to Beogh)
You shoot an arrow. The arrow hits the orc priest.
The orc priest is heavily wounded.
You shoot an arrow.
The arrow hits the orc priest but does no damage.
The orc priest is heavily wounded.
The orc priest calls down the wrath of Beogh upon you.
Beogh smites you!
* * * LOW HITPOINT WARNING * * *
You are too injured to fight recklessly!
You are too injured to fight recklessly!
Unknown command.
You are too injured to fight recklessly!
Fire: a) +0 shortbow
Press: ? - help, Q - select action Shift-Dir - straight line, f/p - orc priest
Aim: an orc priest, wielding a +0 dagger (heavily wounded, 64% to hit)
You shoot an arrow.
The arrow closely misses the orc priest.
The arrow closely misses the orc.
The orc priest mumbles some strange prayers to Beogh against you.
Pain shoots through your body!
You die...

#.# #.# #.# #.#
###.###### . ##........#
.. #...#>##..#
...##..##..#..######.#..
.......##......%@.)..oo.
......∩.......######.#..
...###....#...# ..#
#..#####)# .# #..##....#
# ##...##### # ###.#
####### #.# ......# #.#


You could see an orc priest and an orc.

Vanquished Creatures
  4 adders
  A gnoll (D:1)
  A dart slug (D:1)
  3 ribbon worms
  4 orcs
  3 ball pythons
  3 endoplasms
  2 giant cockroaches
  4 goblins
  4 hobgoblins
  8 jackals
  4 quokkas (D:2)
  A bat (D:3)
  A frilled lizard (D:1)
  5 kobolds
  2 rats
50 creatures vanquished.

Notes
Turn   | Place    | Note
-------+----------+-------------------------------------------
     0 | D:1      | porpoise the Human Hunter began the quest for the Orb.
     0 | D:1      | Reached XP level 1. HP: 16/16 MP: 1/1
   121 | D:1      | Reached XP level 2. HP: 22/22 MP: 2/2
   466 | D:1      | Reached XP level 3. HP: 28/28 MP: 3/3
   795 | D:2      | Reached skill level 5 in Ranged Weapons
   836 | D:2      | Reached XP level 4. HP: 34/34 MP: 4/4
  1095 | D:2      | Found Ibicvod's Weapon Shoppe.
  1472 | D:3      | Found a hide-covered altar of Uskayaw.
  1645 | D:3      | Identified the +3 spear of Lour {spect, Dex+3}
  2046 | D:4      | Found Ami Qeotym's Antique Armour Boutique.
  2080 | D:4      | Killed from afar by an orc priest

Illustrated notes

Levels and vault maps discovered:
D:1:      dpeg_arrival_round_c, layout_loops_ring
D:2:      layout_rooms, serial_shops, shop, hex_tiny, amcnicky_mini_pool_small,
          skrybe_limestone_x, minmay_misc_feat_five
D:3:      layout_loops_ring, old_standard_altar
D:4:      layout_loops_corners, serial_shops, nicolae_shop_overgrown_old_shop,
          nicolae_square_shop

Skill      XL: |  1  2  3  4 |
---------------+-------------+-----
Ranged Weapons | 5 |  5.4
Fighting       | 3 |  3.2
Dodging        | |  2.0
Stealth        | |  1.0

Action                     |  1- 3 |  4- 6 || total
---------------------------+-------+-------++-------
  Melee: Dagger            |     3 |       ||     3
         Spear             |       |     8 ||     8
   Fire: Shortbow          |    62 |    80 ||   142
 Armour: Leather armour    |    14 |    13 ||    27
  Dodge: Dodged            |    15 |    14 ||    29

Table legend: (Time is in decaauts)
 A = Elapsed time spent in this place.
 B = Non-inter-level travel time spent in this place.
 C = Inter-level travel time spent in this place.
 D = Time resting spent in this place.
 E = Time spent auto-exploring this place.
 F = Levels seen in this place.
 G = Mean time per level.
                   A        B        C        D        E       F      G
               +--------+--------+--------+--------+--------+-----+--------+
         Total |   2102 |   2015 |     87 |    358 |   1350 |   4 |  525.5 |
       Dungeon |   2102 |   2015 |     87 |    358 |   1350 |   4 |  525.5 |
               +--------+--------+--------+--------+--------+-----+--------+

Top non-repeatable levels by time:
     D:3: 852 daAuts
     D:1: 637 daAuts
     D:2: 557 daAuts
     D:4: 56 daAuts
